 Dungeon Crawl Stone Soup version 0.19-a0-1496-gfc80c20 (webtiles) character file.

4489 Xioaa the Thaumaturge (level 10, -4/58 HPs)
             Began as a Gargoyle Earth Elementalist on Sept 10, 2016.
             Was an Initiate of Vehumet.
             Slain by a tengu warrior
             ... wielding a +0 halberd
              (17 damage)
             ... on level 9 of the Dungeon.
             The game lasted 00:28:36 (12357 turns).

Xioaa the Thaumaturge (GrEE)                       Turns: 12357, Time: 00:28:36

Health: -4/58      AC: 11    Str: 12    XL:     10   Next: 38%
Magic:  10/22      EV: 13    Int: 19    God:    Vehumet [......]
Gold:   456        SH:  0    Dex: 10    Spells: 3 memorised, 16 levels left

rFire  . . .     SeeInvis +     t - +3 flail (venom)
rCold  . . .     Gourm    .     c - +0 robe
rNeg   + . .     Faith    .     (no shield)
rPois  ∞         Spirit   .     (no helmet)
rElec  +         Dismiss  .     A - +0 cloak
rCorr  +         Reflect  .     p - +0 pair of gloves
MR     .....     Harm     .     (no boots)
Stlth  ++........               y - amulet of regeneration
                                o - ring of resist corrosion
                                n - ring of see invisible

@: no status effects
A: negative energy resistance 1, electricity resistance, unbreathing,
petrification resistance, rot immunity, AC +7
a: Renounce Religion


You were on level 9 of the Dungeon.
You worshipped Vehumet.
Vehumet was noncommittal.
You were not hungry.

You visited 2 branches of the dungeon, and saw 10 of its levels.

You collected 456 gold pieces.

Inventory:

Hand Weapons
 t - a +3 flail of venom (weapon)
 u - a +0 falchion of flaming
 w - a +2 spear of venom
Missiles
 b - 145 stones (quivered)
Armour
 c - a +0 robe (worn)
 p - a +0 pair of gloves (worn)
 A - a +0 cloak (worn)
Jewellery
 n - a ring of see invisible (left hand)
 o - a ring of resist corrosion (right hand)
 y - an amulet of regeneration (around neck)
Wands
 j - a wand of flame (25/48)
 v - a wand of iceblast (9/15)
Scrolls
 g - a scroll of fog
 m - 4 scrolls of remove curse
 z - 2 scrolls of recharging
 B - 3 scrolls of identify
Potions
 f - a potion of mutation
 i - 2 potions of cure mutation
 k - a potion of agility
 l - 2 potions of resistance
 q - a potion of flight
 r - a potion of brilliance
 s - 2 potions of cancellation
 x - a potion of curing
Books
 e - a book of Geomancy

   Spells                             Type                      Level
   a - Sandblast                      Earth                        1
   b - Passwall                       Transmutation/Earth          2
   c - Stone Arrow                    Conjuration/Earth            3
   d - Petrify                        Transmutation/Earth          4
   e - Lee's Rapid Deconstruction     Earth                        5
Comestibles
 a - 2 meat rations
 d - 3 bread rations
 h - 3 beef jerkies
 C - 6 chunks of flesh
 D - 3 fruits


   Skills:
 + Level 4.8 Fighting
 + Level 3.9 Maces & Flails
 + Level 4.6 Armour
 + Level 3.9 Dodging
 - Level 2.1 Stealth
 * Level 8.2 Spellcasting
 + Level 5.8 Conjurations
   Level 0.7 Transmutations
 + Level 8.2 Earth Magic


You had 16 spell levels left.
You knew the following spells:

 Your Spells              Type           Power        Failure   Level  Hunger
a - Sandblast             Erth           #####.       1%          1    None
b - Stone Arrow           Conj/Erth      ####..       1%          3    None
c - Lee's Rapid Deconstr  Erth           #####.....   12%         5    #####..


Dungeon Overview and Level Annotations

Branches:
Dungeon (9/15)             Temple (1/1) D:7            Lair (0/6) D:9
    Orc: D:9-12

Altars:
Ashenzari
Cheibriados
Dithmenos
Elyvilon
Fedhas
Gozag
Hepliaklqana
Kikubaaqudgha
Makhleb
Nemelex Xobeh
Okawaru
Qazlal
Ru
Sif Muna
Trog
Uskayaw
Vehumet
Xom
Yredelemnul
Zin
The Shining One

Shops:
D:5 ?


Innate Abilities, Weirdness & Mutations

You are resistant to torment.
Your stone body is resilient. (AC +7)
You are immune to poison.
You resist negative energy. (rN+)
You are resistant to electric shocks. (rElec)
You can survive without breathing.
You are immune to petrification.
You are immune to rotting.


Message History

The stone arrow hits the tengu warrior.
The tengu warrior is heavily wounded.
The tengu warrior completely misses you.
Casting: Stone Arrow
Confirm with . or Enter, or press ? or * to list all spells.
Aiming: Stone Arrow
Press: ? - help, Shift-Dir - straight line, f/p - tengu warrior
Aim: a tengu warrior, wielding a halberd and wearing a leather armour (heavily wounded)
The stone arrow hits the tengu warrior.
The tengu warrior is heavily wounded.
Casting: Stone Arrow
Confirm with . or Enter, or press ? or * to list all spells.
Aiming: Stone Arrow
Press: ? - help, Shift-Dir - straight line, f/p - tengu warrior
Aim: a tengu warrior, wielding a halberd and wearing a leather armour (heavily wounded)
The stone arrow misses the tengu warrior.
The stone arrow hits the battlesphere.
The battlesphere is almost destroyed.
The tengu warrior hits you from afar with a halberd!
You die...

#.......#####.............
#.........................
#....#######....##########
#....# #....#........#
####....# #....#........#
#.......# #..÷.#........#
#.......# #....#........#
#.......#######....#........#
#........*Q.@......#'########
#.......##Q>####.............
#..)....##### #........#####
#.......# #..#######
#####..(....# #..#
............### #..
................ ..#
......(.#####'## ...
........# ... #.#


You could see a tengu warrior, a tengu conjurer and a battlesphere.

Vanquished Creatures
  A two-headed ogre (D:8)
  2 trolls
  A wyvern (D:7)
  2 hungry ghosts (D:8)
  The ghost of Xioaa the Digger, an amateur GrEE (D:4)
  3 ice beasts
  4 sky beasts
  A phantom (D:7)
  2 eyes of draining (D:4)
  2 ogres
  7 centaurs
  2 giant frogs
  A gnoll sergeant (D:7)
  3 scorpions
  2 water moccasin skeletons
  3 crimson imps
  2 howler monkeys (D:9)
  2 jellies
  A giant frog zombie (D:5)
  A centaur zombie (D:7)
  4 orc wizards
  3 centaur skeletons
  A giant frog skeleton (D:9)
  3 orc priests (D:8)
  A hound (D:4)
  Ijyb (D:2)
  Terence (D:2)
  Natasha (thrice) (D:2)
  An iguana (D:8)
  7 worker ants
  A hound zombie (D:8)
  13 gnolls
  3 worker ant zombies
  4 adders
  2 shadow imps
  An ooze (D:2)
  An adder skeleton (D:8)
  5 worms
  A dart slug (D:3)
  14 giant geckos
  19 orcs
  5 giant cockroaches
  12 goblins
  7 hobgoblins
  5 jackals
  8 kobolds
  4 quokkas
  A ball python (D:3)
  10 bats
  A giant gecko skeleton (D:8)
  A giant gecko zombie (D:6)
  8 giant newts
  2 gnoll zombies (D:3)
  A jackal zombie (D:5)
  5 rats
202 creatures vanquished.

Notes
Turn   | Place    | Note
-------+----------+-------------------------------------------
     0 | D:1      | Xioaa the Gargoyle Earth Elementalist began the quest for the Orb.
     0 | D:1      | Reached XP level 1. HP: 10/10 MP: 3/3
   485 | D:1      | Reached XP level 2. HP: 6/15 MP: 1/5
   937 | D:1      | Reached XP level 3. HP: 13/19 MP: 7/7
  1009 | D:1      | Learned a level 3 spell: Stone Arrow
  1247 | D:2      | Found a stormy altar of Qazlal.
  1285 | D:2      | Noticed Natasha
  1293 | D:2      | Killed Natasha
  1607 | D:2      | Reached XP level 4. HP: 24/24 MP: 5/8
  1742 | D:2      | Noticed Natasha
  1751 | D:2      | Killed Natasha
  1751 | D:2      | Reached skill level 1 in Conjurations
  1958 | D:2      | Noticed Terence
  1982 | D:2      | Killed Terence
  1982 | D:2      | Reached XP level 5. HP: 27/28 MP: 2/10
  2376 | D:2      | Learned a level 5 spell: Lee's Rapid Deconstruction
  2397 | D:2      | Noticed Ijyb
  2405 | D:2      | Killed Ijyb
  2609 | D:2      | Noticed Natasha
  2622 | D:2      | Killed Natasha
  2622 | D:2      | Reached skill level 5 in Earth Magic
  2938 | D:3      | Reached XP level 6. HP: 32/32 MP: 9/12
  3832 | D:3      | Found a basalt altar of Yredelemnul.
  4090 | D:4      | Noticed Xioaa's ghost (amateur GrEE)
  5014 | D:4      | Noticed an eye of draining
  5026 | D:4      | Killed an eye of draining
  5026 | D:4      | Reached skill level 5 in Spellcasting
  5026 | D:4      | Reached XP level 7. HP: 36/36 MP: 1/14
  5044 | D:4      | Killed Xioaa's ghost
  5046 | D:4      | Found a bloodstained altar of Trog.
  5484 | D:4      | Found a glowing silver altar of Zin.
  5569 | D:4      | Found a hazy altar of Hepliaklqana.
  5953 | D:5      | Entered Level 5 of the Dungeon
  6059 | D:5      | Reached skill level 1 in Armour
  6059 | D:5      | Reached XP level 8. HP: 42/42 MP: 9/16
  6149 | D:5      | Reached skill level 1 in Fighting
  6478 | D:5      | Reached skill level 1 in Maces & Flails
  6686 | D:5      | Found Couc's Magic Scroll Emporium.
  7413 | D:6      | Reached XP level 9. HP: 32/48 MP: 19/19
  7520 | D:6      | Found a shattered altar of Ashenzari.
  8320 | D:7      | Found an iron altar of Okawaru.
  8977 | D:7      | Found a shattered altar of Ashenzari.
  9139 | D:7      | Found a staircase to the Ecumenical Temple.
  9143 | D:7      | Reached skill level 5 in Conjurations
  9151 | Temple   | Entered the Ecumenical Temple
  9206 | Temple   | Became a worshipper of Vehumet
  9595 | D:8      | Noticed a two-headed ogre
  9598 | D:8      | Killed a two-headed ogre
 10800 | D:8      | Reached XP level 10. HP: 56/57 MP: 4/21
 12062 | D:9      | Found a staircase to the Lair.
 12338 | D:9      | Noticed a tengu warrior
 12357 | D:9      | Slain by a tengu warrior

Vault maps used:
D:1:      dpeg_arrival_snail, minmay_tetromino_o4
D:2:      old_standard_altar, serial_co_window_serial, co_window_paths_b,
          co_window_paths_a, co_window_paths_a, co_window_paths_b,
          co_window_paths_a, co_window_broadway_a, co_window_of_opportunity_c,
          co_window_of_opportunity_b, glass_columns_a, uniq_terence, uniq_iyjb,
          uniq_natasha
D:3:      lemuel_zombie_altar_yredelemnul
D:4:      trog_eyes_of_draining, kennysheep_mini, marbit_many_paths,
          gup_sewer_entry_pipe, minmay_fountain_box
D:5:      first_bread, serial_shops, shop
D:6:      nicolae_ashenzari_panopticon
D:7:      kennysheep_okawaru_gauntlet, basic_altar, st_stairs_7,
          minmay_liquid_box, kennysheep_donut
D:8:      kennysheep_six_static_rooms
D:9:      lair_0_dummy
Temple:   eino_temple_water

Skill      XL: |  1  2  3  4  5  6  7  8  9 10 |
---------------+-------------------------------+-----
Earth Magic    | 4 5 6 7 8 |  8.2
Spellcasting   | 3 4 5 6 7 8 |  8.2
Conjurations   | 1 2 3 4 5 |  5.8
Armour         | 1 2 4 |  4.6
Fighting       | 2 4 |  4.8
Maces & Flails | 2 3 |  3.9
Dodging        | 2 3 |  3.9
Stealth        | |  2.1
Transmutations | |  0.7

Action                   |  1- 3 |  4- 6 |  7- 9 | 10-12 || total
-------------------------+-------+-------+-------+-------++-------
Melee: Short sword       |    67 |       |       |       ||    67
       Mace              |       |    23 |       |       ||    23
       Flail             |       |    70 |   381 |    81 ||   532
 Cast: Sandblast         |    27 |    79 |       |     3 ||   109
       Stone Arrow       |       |     7 |    26 |    10 ||    43
  Use: Scroll            |       |     7 |     7 |     5 ||    19
       Potion            |       |       |     2 |       ||     2
 Stab: Sleeping          |       |     1 |     4 |     1 ||     6
  Eat: Chunk             |     2 |    11 |    14 |     4 ||    31
       Royal jelly       |       |       |     1 |       ||     1
       Fruit             |       |       |     5 |       ||     5
       Meat ration       |       |       |     1 |       ||     1
Armor: Robe              |    34 |    43 |   168 |    36 ||   281
Dodge: Dodged            |    53 |   113 |   311 |    73 ||   550
